 Dungeon Crawl Stone Soup version 0.28-a0-1613-gdaab1c2f9b (webtiles) character file.

Game seed: 14097128504720971073

4713 ragingrage the Cleaver (level 10, -13/53 HPs)
             Began as a Gargoyle Artificer on Jan 22, 2022.
             Was a Believer of Okawaru.
             Killed from afar by a gargoyle (23 damage)
             ... with a stone arrow
             ... on level 10 of the Dungeon.
             The game lasted 00:16:55 (14274 turns).

ragingrage the Cleaver (Gargoyle Artificer)        Turns: 14274, Time: 00:16:56

Health: -13/53     AC: 26    Str: 20    XL:     10   Next: 45%
Magic:  17/19      EV:  7    Int:  7    God:    Okawaru [**....]
Gold:   962        SH:  0    Dex: 10    Spells: 9/9 levels left

rFire   + . .      SeeInvis +   v - +0 broad axe
rCold   . . .      Faith    +   (no shield)
rNeg    + + .      Spirit   .   B - +0 plate armour
rPois   ∞          Reflect  .   j - +1 helmet of Kleptomania {Rampage rPois MP+9 SInv}
rElec   +          Harm     .   (no cloak)
rCorr   +          Rampage  +   (no gloves)
Will    .....                   C - +2 pair of boots {Fly}
Stlth   ..........              i - amulet of faith
HPRegen 0.17/turn               g - ring of the Barracuda {rPois rF+ rN+ Int-5 Stlth+}
MPRegen 0.16/turn               n - ring of resist corrosion

@: heroic, flying
A: sickness immunity, AC +7, negative energy resistance 1, electricity
resistance, torment resistance 1, petrification resistance
a: Renounce Religion, Heroism


You were on level 10 of the Dungeon.
You worshipped Okawaru.
Okawaru was pleased with you.
You visited 2 branches of the dungeon, and saw 11 of its levels.
You also visited: Bailey.

You collected 1110 gold pieces.
You spent 148 gold pieces at shops.

Inventory:

Hand Weapons
 a - a +0 war axe
 b - a +0 hunting sling
 v - a +0 broad axe (weapon)
 y - a +1 scimitar of flaming
 z - a +1 hand axe of holy wrath
 A - a +0 battleaxe
Missiles
 d - a curare-tipped dart
 k - 134 stones
 l - 15 poisoned darts
 p - 25 boomerangs
 q - 84 sling bullets
Armour
 j - the +1 helmet of Kleptomania (worn) {Rampage rPois MP+9 SInv}
   (You found it on level 2 of the Dungeon)

   rPois:     It protects you from poison.
   MP:        It affects your magic capacity (+9).
   SInv:      It lets you see invisible.
   Rampage:   It bestows one free step when moving towards enemies.
 B - a +0 plate armour (worn)
 C - a +2 pair of boots of flying (worn)
Jewellery
 g - the ring of the Barracuda (left hand) {rPois rF+ rN+ Int-5 Stlth+}
   (You acquired it on level 4 of the Dungeon)

   [ring of positive energy]

   Int:       It affects your intelligence (-5).
   rF:        It protects you from fire.
   rPois:     It protects you from poison.
   rN:        It protects you from negative energy.
   Stlth:     It makes you more stealthy.
 i - an amulet of faith (around neck)
 n - a ring of resist corrosion (right hand)
Wands
 c - a wand of flame (8) (quivered)
 x - a wand of iceblast (7)
Scrolls
 h - 2 scrolls of teleportation
 r - 2 scrolls of identify
 s - 3 scrolls of enchant weapon
 D - a scroll of magic mapping
Potions
 f - 2 potions of lignification
 t - 3 potions of flight
 u - a potion of heal wounds
Miscellaneous
 e - a piece from Xom's chessboard (15/15)


   Skills:
 - Level 1.7(6.7) Fighting
 * Level 12.7(17.7) Axes
 - Level 2.1(7.1) Armour
 - Level 0.7(5.7) Dodging
 - Level 1.1(6.1) Stealth
 - Level 5.5 Evocations


You had 9 spell levels left.
You didn't know any spells.
Your spell library contained the following spells:

 Spells                   Type           Power      Damage    Failure   Level
 Foxfire                  Conj/Fire      0%         2x1d4     100%        1
 Magic Dart               Conj           0%         1d3       100%        1
 Conjure Flame            Conj/Fire      0%         6-21      100%        3
 Inner Flame              Hex/Fire       0%         N/A       100%        3
 Mephitic Cloud           Conj/Pois/Air  0%         N/A       100%        3
 Flame Wave               Conj/Fire      0%         2d4       100%        4
 Petrify                  Tmut/Erth      0%         N/A       100%        4
 Irradiate                Conj/Tmut      0%         3d13      100%        5
 Storm Form               Tmut/Air       0%         N/A       100%        7
 Maxwell's Capacitive Co  Air            0%         ∞         100%        8
 Call Imp                 Summ           Unusable   N/A       N/A         2
 Sublimation of Blood     Necr           Unusable   N/A       N/A         2
 Animate Dead             Necr           Unusable   N/A       N/A         4
 Summon Lightning Spire   Summ/Air       Unusable   N/A       N/A         4
 Haunt                    Necr/Summ      Unusable   N/A       N/A         7
 Infestation              Necr           Unusable   N/A       N/A         8

Dungeon Overview and Level Annotations

Branches:
Dungeon (10/15)            Temple (1/1) D:7          Bailey (visited)
   Lair: D:8-11         Orc: D:9-12

Altars:
Ashenzari
Cheibriados
Dithmenos
Elyvilon
Fedhas
Hepliaklqana
Kikubaaqudgha
Makhleb
Nemelex Xobeh
Okawaru
Sif Muna
Trog
Uskayaw
Vehumet
Wu Jian
Xom
Yredelemnul
Zin

Shops:
D:7 ?

Annotations:
D:6 2 runed translucent doors
D:8 exclusion: 2 downstairs
D:9 Psyche


Innate Abilities, Weirdness & Mutations

You are immune to sickness and miasma.
Your stone body is resilient. (AC +7)
You are immune to poison.
You resist negative energy. (rN+)
You are resistant to electric shocks. (rElec)
You are resistant to unholy torment.
You are immune to petrification.


Message History

HP restored.
There is a stone staircase leading down here.
You fly downwards.
Level annotation: Psyche
There is a stone staircase leading up here.
Unknown command.
Found a mace.
You now have 927 gold pieces (gained 15).
A water moccasin comes into view.
Unknown command.
What are your orders? t - Shout!
Orders for allies: a - Attack new target. r - Retreat! s - Stop attacking. g - Guard the area. f - Follow me.
Anything else - Cancel.
You shout for attention!
There is a stone staircase leading down here.
You fly downwards.
Found 16 gold pieces.
There is a stone staircase leading up here.
Unknown command.
You now have 943 gold pieces (gained 16).
You now have 962 gold pieces (gained 19).
A gargoyle comes into view. It is wielding a +0 mace.
Unknown command.
You start waiting.
A gargoyle is nearby!
You gain the combat prowess of a mighty hero.
The gargoyle hurls a stone arrow at you.
The stone arrow hits you! The gargoyle hits you with a +0 mace!
You barely miss the gargoyle.
The gargoyle hurls a stone arrow at you.
The stone arrow hits you!
* * * LOW HITPOINT WARNING * * *
You hit the gargoyle but do no damage.
The gargoyle hurls a stone arrow at you.
The stone arrow hits you!!
You die...

#..............##
#.................
#........#######.......
#........# .......
#...###..# .......
#........# .....#
#........# .....#
#........# .....#
#.......@#######.....#.
#........9.............
#######################


You could see a gargoyle.

Vanquished Creatures
  A cyclops (D:8)
  An efreet (D:8)
  2 yaks (D:7)
  A shadow (D:8)
  2 steam dragons (D:8)
  A vampire mosquito (D:8)
  A water moccasin (D:8)
  3 black bears
  6 orc warriors
  An ogre (D:4)
  An ice beast (D:7)
  3 phantoms
  4 bullfrogs
  2 kobold brigands
  A gnoll sergeant (D:8)
  A water moccasin zombie (D:5)
  A water moccasin skeleton (D:5)
  6 killer bees (D:7)
  A howler monkey (D:5)
  A bullfrog zombie (D:5)
  2 jellies
  4 centaur zombies
  9 hounds
  2 bullfrog skeletons (D:5)
  A gnoll shaman (D:8)
  An iguana (D:5)
  A scorpion zombie (D:5)
  4 orc wizards
  A howler monkey zombie (D:4)
  6 gnolls (Bailey)
  3 adders
  2 ufetubi
  A dart slug (D:1)
  18 orcs
  3 ball pythons (D:1)
  3 endoplasms
  4 giant cockroaches
  9 goblins
  11 hobgoblins
  5 jackals
  22 kobolds
  3 quokkas
  6 bats
  5 frilled lizards
  A jackal skeleton (D:4)
  3 rats
170 creatures vanquished.

Vanquished Creatures (collateral kills)
  An orc priest (D:6)
  A hound (D:6)
  An orc wizard (D:6)
  A ball python (D:1)
  A jackal (D:1)
5 creatures vanquished.

Vanquished Creatures (others)
  3 orcs (D:8)
  A kobold (D:1)
4 creatures vanquished.

Grand Total: 179 creatures vanquished

Notes
Turn   | Place    | Note
-------+----------+-------------------------------------------
     0 | D:1      | ragingrage the Gargoyle Artificer began the quest for the
                  | Orb.
     0 | D:1      | Reached XP level 1. HP: 12/12 MP: 1/1
   447 | D:1      | Reached XP level 2. HP: 17/17 MP: 2/2
  1056 | D:1      | Found a faded altar of an unknown god.
  1089 | D:1      | Reached skill level 1 in Axes
  1263 | D:1      | Reached XP level 3. HP: 21/21 MP: 3/3
  1629 | D:2      | Identified the +1 helmet of Kleptomania {Rampage rPois MP+9
                  | SInv}
  1696 | D:2      | Reached skill level 2 in Axes
  1696 | D:2      | Reached XP level 4. HP: 7/26 MP: 4/4
  3635 | D:4      | Noticed an ogre
  3652 | D:4      | Killed an ogre
  3653 | D:4      | Reached skill level 3 in Axes
  3653 | D:4      | Reached XP level 5. HP: 13/30 MP: 5/5
  3953 | D:4      | Identified a scroll of acquirement
  3953 | D:4      | Acquired the ring of the Barracuda {rPois rF+ rN+ Int-5
                  | Stlth+}
  3983 | D:4      | Reached XP level 6. HP: 30/35 MP: 6/6
  4071 | D:4      | Reached skill level 4 in Axes
  4425 | D:4      | Found an ancient bone altar of Kikubaaqudgha.
  4426 | D:4      | Found a white marble altar of Elyvilon.
  4893 | D:5      | Entered Level 5 of the Dungeon
  5282 | D:5      | Reached XP level 7. HP: 38/39 MP: 7/7
  5321 | D:5      | Reached skill level 5 in Axes
  5611 | D:5      | Reached skill level 5 in Evocations
  5738 | D:5      | Reached skill level 6 in Axes
  5772 | D:5      | Reached XP level 8. HP: 22/44 MP: 8/8
  6666 | D:6      | Reached skill level 7 in Axes
  6731 | D:6      | Found a large runed translucent door.
  6733 | D:6      | Found a large runed translucent door.
  6963 | D:6      | Reached skill level 8 in Axes
  7505 | D:7      | Found a broken altar of Ashenzari.
  7563 | D:6      | Reached XP level 9. HP: 13/48 MP: 9/9
  7788 | D:7      | Reached skill level 9 in Axes
  7844 | D:7      | Found Tyih's Magic Scroll Shop.
  7852 | D:7      | Bought a scroll of fog for 22 gold pieces
  7852 | D:7      | Bought a scroll of enchant weapon for 82 gold pieces
  7852 | D:7      | Bought a scroll of identify for 22 gold pieces
  7852 | D:7      | Bought a scroll of identify for 22 gold pieces
  7971 | D:7      | Found a snail-covered altar of Cheibriados.
  7972 | D:7      | Found a bloodstained altar of Trog.
  8627 | D:7      | Found a staircase to the Ecumenical Temple.
  8636 | Temple   | Entered the Ecumenical Temple
  9375 | D:8      | Found an iron altar of Okawaru.
  9394 | D:8      | Became a worshipper of Warmaster Okawaru
  9520 | D:8      | Reached skill level 10 in Axes
  9620 | D:8      | Found a flagged portal.
  9620 | D:8      | Noticed an efreet
  9625 | D:8      | Killed an efreet
  9625 | D:8      | Reached * piety under Okawaru
  9731 | Bailey   | Entered a bailey
  9938 | Bailey   | Reached skill level 11 in Axes
 10530 | Bailey   | Reached ** piety under Okawaru
 11371 | D:8      | Reached XP level 10. HP: 14/53 MP: 10/10
 12019 | D:8      | You are sucked into a shaft and drop 1 floor!
 12278 | D:8      | Found a sparkling altar of Nemelex Xobeh.
 12505 | D:8      | Reached skill level 12 in Axes
 13609 | D:9      | Noticed Psyche
 13609 | D:9      | Noticed a cyclops
 13632 | D:8      | Killed a cyclops
 14225 | D:10     | Entered Level 10 of the Dungeon
 14256 | D:10     | Noticed a gargoyle
 14274 | D:10     | Killed from afar by a gargoyle

Illustrated notes

Levels and vault maps discovered:
D:1:      dpeg_arrival_erosion, layout_loops_cross,
          nicolae_ecumenical_snake_handling
D:2:      layout_basic
D:3:      layout_loops_ring, grunt_ministairs_9, minmay_misc_feat_ornament
D:4:      layout_cave_pods, nicolae_overflow_squiral
D:5:      layout_loops_cross, nrook_mini_vaults, ebering_dispersal_statue_hall,
          kennysheep_small_spiral
D:6:      layout_gridville, jmf_multi_god_temple2, feat_on_display
D:7:      layout_basic, nicolae_overflow_hidden_temple, temple_hall,
          serial_shops, shop, nicolae_underground_beach
D:8:      minmay_opposing_rooms, layout_rooms, okawaru_metal_pillars_1_2,
          mainiacjoe_overflow_concentric_impassable, enter_bailey_2
D:9:      layout_loops_cross, minmay_quadrilaterals, uniq_psyche
D:10:     layout_stronghold, nicolae_ru_great_annihilating_truth,
          nicolae_tso_swordbearing_angel, orc_0_dummy
Temple:   minmay_temple_curvy_loop

Skill      XL: |  1  2  3  4  5  6  7  8  9 10 |
---------------+-------------------------------+-----
Evocations     | 3 4 5 |  5.5
Axes           | 1 2 3 4 6 8 11 12 | 12.7
Fighting       | |  1.7
Armour         | |  2.1
Dodging        | |  0.7
Stealth        | |  1.1

Action                   |  1- 3 |  4- 6 |  7- 9 | 10-12 || total
-------------------------+-------+-------+-------+-------++-------
Melee: Club              |    37 |       |       |       ||    37
       Hand axe          |    74 |    67 |       |       ||   141
       Punch             |     2 |     2 |     6 |     1 ||    11
       War axe           |       |   101 |   376 |    45 ||   522
       Broad axe         |       |       |       |    73 ||    73
 Fire: Hunting sling     |       |    14 |    94 |     5 ||   113
Throw: Dart              |       |       |    20 |       ||    20
Invok: Heroism           |       |       |     1 |     4 ||     5
Evoke: Wand              |     4 |       |     9 |     2 ||    15
       Piece from Xom's  |       |     1 |       |       ||     1
  Use: Scroll            |       |     3 |     8 |       ||    11
       Potion            |       |       |     3 |     4 ||     7
 Stab: Sleeping          |     1 |     1 |     1 |       ||     3
       Petrified         |       |    10 |       |       ||    10
       Invisible         |       |       |       |     2 ||     2
Armor: Leather armour    |    49 |     3 |       |       ||    52
       Ring mail         |       |   104 |   239 |       ||   343
       Skin              |       |       |    56 |       ||    56
       Plate armour      |       |       |     8 |   100 ||   108
Dodge: Dodged            |    87 |   101 |   229 |    44 ||   461

Table legend: (Time is in decaauts)
 A = Elapsed time spent in this place.
 B = Non-inter-level travel time spent in this place.
 C = Inter-level travel time spent in this place.
 D = Time resting spent in this place.
 E = Time spent auto-exploring this place.
 F = Levels seen in this place.
 G = Mean time per level.
                   A        B        C        D        E       F      G
               +--------+--------+--------+--------+--------+-----+--------+
         Total |  14362 |  13533 |    829 |   4044 |   6886 |  12 | 1196.8 |
       Dungeon |  12930 |  12124 |    806 |   3564 |   6481 |  10 | 1293.0 |
        Temple |    222 |    199 |     23 |      0 |    195 |   1 |  222.0 |
        Bailey |   1208 |   1208 |      0 |    479 |    210 |   1 | 1208.0 |
               +--------+--------+--------+--------+--------+-----+--------+

Top non-repeatable levels by time:
     D:8: 2393 daAuts
     D:7: 2327 daAuts
     D:1: 1496 daAuts
     D:5: 1402 daAuts
     D:4: 1389 daAuts
     D:6: 1365 daAuts
     D:2: 1294 daAuts
  Bailey: 1208 daAuts
     D:3: 884 daAuts
     D:9: 328 daAuts
  Temple: 222 daAuts
    D:10: 48 daAuts
